 Dungeon Crawl Stone Soup version 0.24.0-123-gd5b16e6ec5 (webtiles) character file.

Game seed: 2043234526473586375, levelgen mode: deterministic

4015 Lemonice the Arsonist (level 10, -2/71 HPs)
             Began as a Hill Orc Fire Elementalist on Feb 8, 2020.
             Was a Believer of Vehumet.
             Slain by a killer bee (5 damage)
             ... on level 9 of the Dungeon.
             The game lasted 00:45:41 (12279 turns).

Lemonice the Arsonist (Hill Orc Fire Elementalist) Turns: 12279, Time: 00:45:43

Health: -2/71      AC:  3    Str: 14    XL:     10   Next: 23%
Magic:  3/14       EV: 15    Int: 18    God:    Vehumet [**....]
Gold:   81         SH:  0    Dex: 15    Spells: 1/15 levels left

rFire    x . .     SeeInvis .   l - +2 hand axe (elec)
rCold    . . .     Gourm    .   (no shield)
rNeg     . . .     Faith    .   d - +0 robe of the Leaf {rF- rCorr Str+2} (curse)
rPois    .         Spirit   .   B - +0 helmet
rElec    .         Reflect  .   (no cloak)
rCorr    +         Harm     .   (no gloves)
MR       +....                  (no boots)
Stlth    +++.......             (no amulet)
HPRegen  0.00/turn              t - ring of protection from magic
MPRegen  0.14/turn              (no ring)

@: lethally poisoned (-2 -> -11)
A: claws 1, fangs 1, thin skeletal structure 2, inhibited regeneration
a: Renounce Religion


You were on level 9 of the Dungeon.
You worshipped Vehumet.
Vehumet was pleased with you.
You were not hungry.

You visited 2 branches of the dungeon, and saw 10 of its levels.

You collected 442 gold pieces.
You spent 361 gold pieces at shops.

Inventory:

Hand Weapons
 b - a +0 short sword
 l - a +2 hand axe of electrocution (weapon)
 v - a +1 flail of holy wrath
Missiles
 F - a throwing net (quivered)
Armour
 a - a +0 robe
 d - the cursed +0 robe of the Leaf (worn) {rF- rCorr Str+2}
   (You bought it in a shop on level 9 of the Dungeon)

   It affects your strength (+2).
   It makes you vulnerable to fire.
   It provides partial protection from all sources of acid and corrosion.
   It has a curse placed upon it.
 A - a +0 pair of gloves
 B - a +0 helmet (worn)
 G - a +0 buckler
 N - a +0 pair of boots
Magical Staves
 x - an uncursed staff of summoning
 K - an uncursed staff of wizardry
Jewellery
 t - a ring of protection from magic (left claw)
 H - an uncursed ring of ice
Wands
 y - a wand of digging (13)
 C - a wand of iceblast (2)
 M - a wand of random effects (12)
 O - a wand of paralysis (7)
Scrolls
 g - 2 scrolls of immolation {unknown}
 j - 8 scrolls of remove curse
 k - a scroll of amnesia {unknown}
 q - 3 scrolls of random uselessness {unknown}
 r - 4 scrolls of enchant armour {unknown}
 w - 2 scrolls of magic mapping {unknown}
 D - 2 scrolls of torment {unknown}
 E - 2 scrolls of fog
 J - a scroll of blinking {unknown}
 L - 2 scrolls of teleportation
Potions
 e - 2 potions of ambrosia
 h - 3 potions of flight
 i - 2 potions of might
 m - 2 potions of cancellation
 o - 3 potions of curing
 s - a potion of invisibility
 u - a potion of magic
 z - 2 potions of lignification
Miscellaneous
 n - a lightning rod (3/4)
Comestibles
 c - 7 rations


   Skills:
 * Level 1.0 Fighting
 * Level 3.3 Axes
 + Level 5.3 Dodging
 - Level 1.7 Stealth
 - Level 3.0 Spellcasting
 * Level 8.7 Conjurations
 * Level 10.1 Fire Magic


You had one spell level left.
You knew the following spells:

 Your Spells              Type           Power        Failure   Level  Hunger
a - Flame Tongue          Conj/Fire      #####        1%          1    None
b - Conjure Flame         Conj/Fire      #####...     1%          3    ###....
c - Sticky Flame          Conj/Fire      #####...     3%          4    ####...
d - Fireball              Conj/Fire      #####.....   10%         5    ######.
e - Magic Dart            Conj           ####         1%          1    None

Your spell library contained the following spells:

 Spells                   Type           Power        Failure   Level  Hunger
 Sting                    Conj/Pois      ###.         2%          1    None
 Freeze                   Ice            #...         16%         1    None
 Throw Flame              Conj/Fire      #####.       1%          2    ##.....
 Throw Frost              Conj/Ice       ###...       4%          2    ##.....
 Inner Flame              Hex/Fire       ###.....     6%          3    ###....
 Mephitic Cloud           Conj/Pois/Air  ##......     14%         3    ###....
 Poisonous Vapours        Pois/Air       #.....       24%         2    ##.....
 Throw Icicle             Conj/Ice       ###.....     26%         4    ####...
 Ozocubu's Armour         Chrm/Ice       #.......     43%         3    ###....
 Venom Bolt               Conj/Pois      ###.......   58%         5    ######.
 Olgreb's Toxic Radiance  Pois           #.......     85%         4    ####...
 Summon Ice Beast         Ice/Summ       #.......     85%         4    ####...


Dungeon Overview and Level Annotations

Branches:
Dungeon (9/15)             Temple (1/1) D:5
   Lair: D:8-11         Orc: D:9-12

Altars:
Ashenzari
Cheibriados
Dithmenos
Elyvilon
Fedhas
Gozag
Hepliaklqana
Kikubaaqudgha
Makhleb
Nemelex Xobeh
Okawaru
Qazlal
Ru
Sif Muna
Trog
Uskayaw
Vehumet
Wu Jian
Xom
Yredelemnul
Zin

Shops:
D:6 :   D:9 ?[


Innate Abilities, Weirdness & Mutations

You have sharp fingernails.
You have very sharp teeth.
You have a moderately thin skeletal structure. (Dex +4, Stealth+)
You do not regenerate when monsters are visible.


Message History

You feel your power returning. The killer bee misses you.
You feel better. The killer bee closely misses you. The killer bee stings you.
The killer bee stings you but does no damage.
The killer bee stings you. The killer bee barely misses you.
The killer bee completely misses you. The killer bee stings you.
* * * LOW HITPOINT WARNING * * *
You see here a killer bee corpse.
The killer bee stings you!
* * * LOW HITPOINT WARNING * * *
You are poisoned.
The killer bee poisons you! The killer bee completely misses you.
The killer bee closely misses you.
You feel better. The killer bee stings you!
* * * LOW HITPOINT WARNING * * *
The killer bee stings you!
* * * LOW HITPOINT WARNING * * *
You are lethally poisoned!
The killer bee poisons you! The killer bee stings you.
You die...

### ..# ##..#....
###........
####.......... ##
##.##y......... ##.#
#...@yJ........
#...####.†.##........
###.#..#....###.......
#.............#......#
#.#.#.......y.......#
####.##.∩...<..##.....
##....................
##.....####...........
##...#..##
#.y.........


You could see a jelly and 2 killer bees.

Vanquished Creatures
  A queen bee (D:9)
  A hippogriff (D:7)
  Edmund (D:4)
  A water moccasin (D:8)
  3 sky beasts (D:8)
  2 orc warriors
  2 phantoms
  3 ogres
  A centaur (D:6)
  3 bullfrogs
  A gnoll sergeant (D:7)
  3 scorpions
  10 killer bees
  3 crimson imps
  4 hounds (D:8)
  A jelly (D:7)
  A bullfrog zombie (D:8)
  3 bullfrog skeletons
  6 orc priests
  2 centaur skeletons
  10 orc wizards
  2 iguanas
  10 worker ants
  A killer bee zombie (D:6)
  A hound zombie (D:7)
  2 hound skeletons
  A worker ant zombie (D:5)
  7 gnolls
  9 adders
  4 shadow imps
  2 oozes
  2 adder zombies
  3 adder skeletons
  4 worms
  2 dart slugs
  3 leopard geckos
  30 orcs
  5 bats
  4 giant cockroaches
  11 goblins
  8 hobgoblins
  7 jackals
  5 kobolds
  2 quokkas (D:4)
  A ball python (D:6)
  6 frilled lizards
  A giant cockroach zombie (D:6)
  A quokka skeleton (D:8)
  12 rats
208 creatures vanquished.

Vanquished Creatures (others)
  3 fungi (D:6)
  6 toadstools (D:6)
9 creatures vanquished.

Grand Total: 217 creatures vanquished

Notes
Turn   | Place    | Note
-------+----------+-------------------------------------------
     0 | D:1      | Lemonice the Hill Orc Fire Elementalist began the quest for
                  | the Orb.
     0 | D:1      | Reached XP level 1. HP: 14/14 MP: 3/3
   202 | D:1      | Reached XP level 2. HP: 11/20 MP: 1/4
  1095 | D:2      | Found a shattered altar of Ashenzari.
  1146 | D:2      | Reached XP level 3. HP: 26/26 MP: 0/5
  1752 | D:2      | Found a blossoming altar of Fedhas.
  1860 | D:3      | Reached skill level 4 in Fire Magic
  2242 | D:3      | Reached XP level 4. HP: 33/33 MP: 6/6
  3160 | D:3      | Reached XP level 5. HP: 38/38 MP: 4/8
  3360 | D:3      | Noticed a phantom
  3369 | D:3      | Learned a level 3 spell: Conjure Flame
  3559 | D:3      | Killed a phantom
  3559 | D:3      | Reached XP level 6. HP: 26/45 MP: 1/9
  3715 | D:3      | Reached skill level 5 in Fire Magic
  4132 | D:4      | Found a stormy altar of Qazlal.
  4132 | D:4      | Found an iron altar of Okawaru.
  4133 | D:4      | Found a burning altar of Makhleb.
  4834 | D:4      | Noticed Edmund
  4893 | D:4      | Killed Edmund
  4893 | D:4      | Reached skill level 1 in Axes
  4893 | D:4      | Reached XP level 7. HP: 50/50 MP: 0/10
  5813 | D:5      | Entered Level 5 of the Dungeon
  5956 | D:5      | Reached skill level 6 in Fire Magic
  6092 | D:5      | Learned a level 4 spell: Sticky Flame
  6157 | D:5      | Found a staircase to the Ecumenical Temple.
  6175 | Temple   | Entered the Ecumenical Temple
  6421 | Temple   | Became a worshipper of Vehumet
  6447 | D:5      | Found an opulent altar of Gozag.
  6586 | D:5      | Found a shimmering blue altar of Sif Muna.
  6889 | D:6      | Reached XP level 8. HP: 55/57 MP: 12/12
  6906 | D:6      | Reached skill level 5 in Conjurations
  7748 | D:6      | Learned a level 5 spell: Fireball
  7918 | D:6      | Reached skill level 7 in Fire Magic
  8338 | D:6      | Found a hazy altar of Hepliaklqana.
  8399 | D:6      | Found Vawkur's Book Shop.
  9587 | D:7      | Identified the +8 dagger of the Forsaken Tales {speed,
                  | rPois Str-5 Int+7}
  9604 | D:6      | Reached XP level 9. HP: 54/62 MP: 7/13
  9675 | D:7      | Reached skill level 8 in Fire Magic
  9820 | D:7      | Reached * piety under Vehumet
  9820 | D:7      | Offered knowledge of Sting by Vehumet.
 10278 | D:7      | Found a sacrificial altar of Ru.
 10472 | D:8      | Reached skill level 9 in Fire Magic
 10704 | D:8      | Found a sparkling altar of Nemelex Xobeh.
 11013 | D:8      | Reached skill level 5 in Dodging
 11042 | D:8      | Reached ** piety under Vehumet
 11042 | D:8      | Offered knowledge of Magic Dart by Vehumet.
 11042 | D:8      | Reached XP level 10. HP: 43/69 MP: 6/14
 11045 | D:8      | Learned a level 1 spell: Magic Dart
 11459 | D:8      | Found a hide-covered altar of Uskayaw.
 11501 | D:9      | Found Robboph Byse's Magic Scroll Shoppe.
 11506 | D:9      | Bought a scroll of identify for 30 gold pieces
 11506 | D:9      | Bought a scroll of identify for 30 gold pieces
 11506 | D:9      | Bought a scroll of fog for 30 gold pieces
 11506 | D:9      | Bought a scroll of identify for 30 gold pieces
 11506 | D:9      | Bought a scroll of noise for 15 gold pieces
 11506 | D:9      | Bought a scroll of teleportation for 45 gold pieces
 11506 | D:9      | Bought a scroll of remove curse for 45 gold pieces
 11520 | D:9      | Gained mutation: Armour fits poorly on your strangely
                  | shaped body. [potion of mutation]
 11520 | D:9      | Gained mutation: You expend magic power (3 MP) to
                  | strengthen your wands. [potion of mutation]
 11520 | D:9      | Gained mutation: You have a somewhat thin skeletal
                  | structure. (Dex +2, Stealth) [potion of mutation]
 11521 | D:9      | Lost mutation: You expend magic power (3 MP) to strengthen
                  | your wands. [potion of mutation]
 11521 | D:9      | Lost mutation: Armour fits poorly on your strangely shaped
                  | body. [potion of mutation]
 11521 | D:9      | Gained mutation: You have a moderately thin skeletal
                  | structure. (Dex +4, Stealth+) [potion of mutation]
 11521 | D:9      | Gained mutation: You do not regenerate when monsters are
                  | visible. [potion of mutation]
 11521 | D:9      | Gained mutation: You have large cloven feet. [potion of
                  | mutation]
 11522 | D:9      | Lost mutation: You have large cloven feet. [potion of
                  | mutation]
 11522 | D:9      | Gained mutation: You have very sharp teeth. [potion of
                  | mutation]
 11522 | D:9      | Gained mutation: You have sharp fingernails. [potion of
                  | mutation]
 11589 | D:9      | Found a white marble altar of Elyvilon.
 11792 | D:9      | Found Cuzxute's Antique Armour Shoppe.
 11800 | D:9      | Bought a silken robe for 136 gold pieces
 11810 | D:9      | Identified the cursed +0 robe of the Leaf {rF- rCorr Str+2}
                  | (You bought it in a shop on level 9 of the Dungeon)
 11830 | D:9      | Reached skill level 10 in Fire Magic
 12271 | D:9      | Reached skill level 1 in Fighting
 12279 | D:9      | HP: 3/71 [killer bee (9)]
 12279 | D:9      | Slain by a killer bee

Levels and vault maps discovered:
D:1:      psy_arrival_dodecagon, layout_basic
D:2:      layout_basic, lemuel_coloured_pillars_altar, old_standard_altar,
          first_ration, roderic_roman_lattice, minmay_misc_feat_iff
D:3:      minmay_octagon_keep, layout_basic
D:4:      layout_basic, chequers_temple_overflow_statue_of_worship, uniq_edmund
D:5:      layout_basic, nicolae_gozag_cash_rules_everything_around_me, tgw_sif,
          minmay_temple_entry_stoned_glass
D:6:      layout_loops_ring, lemuel_crystal_altar, minmay_gold_behind_fungi,
          kennysheep_small_square
D:7:      layout_rooms, lemuel_round_altar
D:8:      layout_rooms, marbit_many_paths, lemuel_crystal_altar
D:9:      layout_cave_pools, old_standard_altar, tso_altar, serial_shops, shop,
          nicolae_shop_overgrown_old_shop, david_nohive_1, uniq_harold
Temple:   dpeg_three_leaves_temple

Skill      XL: |  1  2  3  4  5  6  7  8  9 10 |
---------------+-------------------------------+-----
Conjurations   | 2 3 4 6 8 |  8.7
Fire Magic     | 4 5 6 7 9 10 | 10.1
Dodging        | 2 3 4 5 |  5.3
Spellcasting   | 2 3 |  3.0
Axes           | 1 2 3 |  3.3
Fighting       | 1 |  1.0
Stealth        | |  1.7

Action                   |  1- 3 |  4- 6 |  7- 9 | 10-12 || total
-------------------------+-------+-------+-------+-------++-------
Melee: Short sword       |    56 |     8 |       |       ||    64
       Hand axe          |       |    56 |   109 |    23 ||   188
       Staff             |       |       |    25 |       ||    25
       Bite              |       |       |       |     2 ||     2
 Cast: Flame Tongue      |    51 |    87 |    41 |     4 ||   183
       Conjure Flame     |       |     4 |     1 |       ||     5
       Sticky Flame      |       |       |    65 |    11 ||    76
       Fireball          |       |       |     5 |       ||     5
Evoke: Lightning rod     |       |     1 |     2 |       ||     3
       Wand              |       |       |     2 |     4 ||     6
  Use: Scroll            |       |       |       |     9 ||     9
       Potion            |       |       |       |     8 ||     8
 Stab: Sleeping          |     2 |     1 |     1 |       ||     4
       Distracted        |       |       |     1 |       ||     1
  Eat: Chunk             |     5 |     7 |    24 |     4 ||    40
       Ration            |       |     1 |     3 |     1 ||     5
Armor: Robe              |    18 |     7 |    31 |     6 ||    62
Dodge: Dodged            |    33 |    46 |   150 |    47 ||   276
